 Dungeon Crawl Stone Soup version 0.30-a0-639-g3916f1956a (webtiles) character file.

Game seed: 13059093611946808455

172 Zonian the Sneak (level 5, 0/27 HPs)
             Began as a Vine Stalker Brigand on Jan 15, 2023.
             Slain by an adder (1 damage)
             ... on level 4 of the Dungeon.
             The game lasted 00:05:33 (3554 turns).

Zonian the Sneak (Vine Stalker Brigand)             Turns: 3554, Time: 00:05:34

Health: 0/27       AC:  3    Str: 13    XL:     5   Next: 53%
Magic:  0/6        EV: 12    Int: 11    God:
Gold:   200        SH:  0    Dex: 18    Spells: 4/4 levels left

rFire   x . .      SeeInvis .    a - +3 dagger
rCold   + . .      Faith    .    (no shield)
rNeg    . . .      Spirit   +    b - +0 robe
rPois   +          Reflect  .    (no helmet)
rElec   .          Harm     .    c - +0 cloak
rCorr   .          Rampage  .    (no gloves)
Will    .....                    (no boots)
Stlth   +++                      (no amulet)
HPRegen 1.04/turn                j - ring of poison resistance
MPRegen 0.10/turn                m - ring of ice

@: no status effects
A: fangs 2, regeneration 1, magic shield, antimagic bite, no potion heal 2
a: no special abilities


You were on level 4 of the Dungeon.
You visited 1 branch of the dungeon, and saw 4 of its levels.

You collected 200 gold pieces.

Inventory:

Hand Weapons
 a - a +3 dagger (weapon)
 w - a +4 quarterstaff
Missiles
 d - 13 poisoned darts (quivered)
 e - 3 curare-tipped darts
 u - 5 boomerangs
Armour
 b - a +0 robe (worn)
 c - a +0 cloak (worn)
 h - a +0 pair of boots
Jewellery
 j - a ring of poison resistance (left hand)
 l - a ring of fire
 m - a ring of ice (right hand)
 r - a ring of see invisible
 B - an amulet of the acrobat
Wands
 s - a wand of mindburst (5)
Scrolls
 p - a scroll of teleportation
Potions
 f - 3 potions of brilliance
 i - a potion of lignification {unknown}
 k - 2 potions of flight
 q - a potion of degeneration {unknown}
 x - 3 potions of curing
 z - a potion of berserk rage {unknown}


   Skills:
 + Level 2.7 Fighting
 + Level 2.6 Short Blades
 + Level 2.7 Throwing
 + Level 1.9 Dodging
 + Level 5.7 Stealth


You had 4 spell levels left.
You didn't know any spells.
Your spell library contained the following spells:

 Spells                   Type           Power      Damage    Failure   Level
 Slow                     Hex            0%         N/A       34%         1
 Ensorcelled Hibernation  Hex/Ice        0%         N/A       47%         2
 Static Discharge         Conj/Air       0%         2-2/arc   47%         2
 Confusing Touch          Hex            0%         N/A       71%         3
 Inner Flame              Hex/Fire       0%         N/A       71%         3
 Spider Form              Tmut/Pois      0%         N/A       71%         3
 Vampiric Draining        Necr           0%         2d6       71%         3
 Vhi's Electric Charge    Tloc/Air       0%         N/A       71%         3
 Anguish                  Hex/Necr       0%         N/A       98%         4
 Cause Fear               Hex            0%         N/A       98%         4
 Arcjolt                  Conj/Air       0%         1d10      100%        5
 Lightning Bolt           Conj/Air       0%         1d11      100%        5
 Discord                  Hex            0%         N/A       100%        8


Dungeon Overview and Level Annotations

Branches:
Dungeon (4/15)
 Temple: D:4-7

Altars:
Gozag
Yredelemnul


Innate Abilities, Weirdness & Mutations

You have extremely sharp teeth.
Your natural rate of healing is unusually fast.
When hurt, damage is shared between your health and your magic reserves.
Your bite disrupts and absorbs the magic of your enemies.
Potions cannot restore your health.


Message History

* * * LOW HITPOINT WARNING * * *
The adder bites you.
* * * LOW HITPOINT WARNING * * *
The scorpion barely misses you.
You hit the scorpion but do no damage. Your bite misses the scorpion.
The scorpion is heavily wounded.
You feel sick. The adder bites you but does no damage.
The scorpion stings you but does no damage.
You closely miss the scorpion.
The scorpion is heavily wounded.
You feel sick. The adder barely misses you. The scorpion completely misses you.
Okay, then.
Okay, then.
You closely miss the scorpion. Your bite misses the scorpion.
The scorpion is heavily wounded.
You feel sick. The adder bites you but does no damage. The scorpion misses you.
You hit the scorpion.
The scorpion is heavily wounded.
You feel sick. The adder misses you. The scorpion stings you!
* * * LOW HITPOINT WARNING * * *
Okay, then.
Okay, then.
You hit the scorpion but do no damage. You bite the scorpion.
You drain its power.
You feel invigorated.
The scorpion is severely wounded.
You feel sick. The adder bites you but does no damage.
The scorpion barely misses you.
You hit the scorpion but do no damage.
The scorpion is severely wounded.
You feel sick. The adder bites you but does no damage.
The scorpion barely misses you. The adder bites you.
* * * LOW HITPOINT WARNING * * *
Aiming: Mindburst
Press: ? - help, Shift-Dir - straight line, f - scorpion
Aim: a scorpion (heavily wounded, chance to affect: 64%)
The scorpion struggles to resist.
You feel sick.
You are no longer poisoned.
The scorpion stings you. The adder bites you.
You die...

*,*,**,*,,,*,,,,,..# ##.8...._..,
,,,,**,**,***,***..###§§§.§8...8.
,,,,**,**,*,,,,,,[.....§§§⌠≈≈≈≈≈⌠
*,*,**,*,,,,,,***..###..§8§#####≈
*,,,,*,*,,*,*,,,,.......§§≈#$$$#≈
,,,*,,,,..#.#####[...<.._.§#$$$#≈
**,,,*,*#...S....#.###....≈#$$$#≈
***,**,*###.####S#.###...8≈#####≈
* *,**,* #.####@.........⌠≈≈≈≈≈⌠
* *,**,####....s.......#...8...8.
***,**,.................8...._...
,,,,,,,.########...########.....#
***,,,,,* #...# #>#####
,,,,,,,,******##...########......
***,,,,,,,,,,,,.......(.....#####
,,,,<,,,*******#..#########.#
***,,,,,* #..# ##.#


You could see a scorpion and an adder.

Vanquished Creatures
  A hound (D:4)
  An iguana (D:4)
  A gnoll (D:2)
  4 adders
  A worm (D:2)
  2 dart slugs
  An orc (D:3)
  6 bats
  6 endoplasms
  7 goblins
  11 hobgoblins
  2 jackals (D:2)
  5 kobolds
  6 ball pythons
  2 frilled lizards (D:1)
  5 rats
61 creatures vanquished.

Notes
Turn   | Place    | Note
-------+----------+-------------------------------------------
     0 | D:1      | Zonian the Vine Stalker Brigand began the quest for the
                  | Orb.
     0 | D:1      | Reached XP level 1. HP: 11/11 MP: 2/2
    59 | D:1      | Reached skill level 1 in Dodging
    59 | D:1      | Reached XP level 2. HP: 15/15 MP: 3/3
   379 | D:1      | Reached skill level 5 in Stealth
   763 | D:1      | Reached XP level 3. HP: 13/18 MP: 2/4
  2068 | D:2      | Gained mutation: Your natural rate of healing is unusually
                  | fast. [Vine Stalker growth]
  2068 | D:2      | Reached XP level 4. HP: 18/23 MP: 3/5
  2531 | D:3      | Found the +5 woodcutter's axe
  2671 | D:3      | Found a basalt altar of Yredelemnul.
  3329 | D:4      | Found an opulent altar of Gozag.
  3332 | D:4      | Found an opulent altar of Gozag.
  3332 | D:4      | Found an opulent altar of Gozag.
  3338 | D:4      | Found an opulent altar of Gozag.
  3346 | D:4      | Reached XP level 5. HP: 27/27 MP: 3/6
  3553 | D:4      | HP: 1/27 [adder (1)]
  3554 | D:4      | Slain by an adder

Illustrated notes

Levels and vault maps discovered:
D:1:      tarquinn_simple_flora_water_e, layout_rooms, minmay_crystal_water,
          chequers_serial_rivers_small_3
D:2:      layout_loops_corners, minmay_close_crescents
D:3:      layout_basic, lemuel_tele_altar, serial_corexii_hall,
          corexii_hall_statues_x, corexii_hall_statues_u,
          kennysheep_small_spiral
D:4:      layout_loops_ring, nicolae_gozag_conspicuous_consumption,
          grunt_qazlal_clouds, nemelex_dance_club_becter, uniq_menkaure

Skill      XL: |  1  2 |
---------------+-------+-----
Dodging        | 1 |  1.9
Stealth        | 5 |  5.7
Fighting       | 2 |  2.7
Short Blades   | 2 |  2.6
Throwing       | 2 |  2.7

Action                   |  1- 3 |  4- 6 || total
-------------------------+-------+-------++-------
Melee: Dagger            |   102 |    81 ||   183
       Bite              |    30 |    27 ||    57
Throw: Dart              |     3 |       ||     3
Evoke: Wand              |       |     1 ||     1
  Use: Scroll            |       |    11 ||    11
 Stab: Sleeping          |     6 |     7 ||    13
       Distracted        |     1 |       ||     1
Armor: Robe              |    28 |    17 ||    45
Dodge: Dodged            |    61 |    51 ||   112

Table legend: (Time is in decaauts)
 A = Elapsed time spent in this place.
 B = Non-inter-level travel time spent in this place.
 C = Inter-level travel time spent in this place.
 D = Time resting spent in this place.
 E = Time spent auto-exploring this place.
 F = Levels seen in this place.
 G = Mean time per level.
                   A        B        C        D        E       F      G
               +--------+--------+--------+--------+--------+-----+--------+
         Total |   3534 |   3482 |     52 |    910 |   1948 |   4 |  883.5 |
       Dungeon |   3534 |   3482 |     52 |    910 |   1948 |   4 |  883.5 |
               +--------+--------+--------+--------+--------+-----+--------+

Top non-repeatable levels by time:
     D:2: 1316 daAuts
     D:1: 995 daAuts
     D:3: 930 daAuts
     D:4: 291 daAuts
